 Dungeon Crawl Stone Soup version 0.29.1-13-g9f3cf754e1 (webtiles) character file.

Game seed: 1206166498108044638

17 hawla the Chiller (level 3, -6/26 HPs)
             Began as a Meteoran Ice Elementalist on Jan 23, 2023.
             Mangled by a worm (8 damage)
             ... on level 2 of the Dungeon.
             The game lasted 00:01:44 (473 turns).

hawla the Chiller (Meteoran Ice Elementalist)        Turns: 473, Time: 00:01:46

Health: -6/26      AC:  2    Str:  9    XL:     3   Next: 2%
Magic:  6/8        EV: 12    Int: 18    God:
Gold:   0          SH:  0    Dex: 15    Spells: 7/8 levels left

rFire   . . .      SeeInvis .   (no weapon)
rCold   . . .      Faith    .   (no shield)
rNeg    . . .      Spirit   .   a - +0 robe
rPois   .          Reflect  .   (no helmet)
rElec   .          Harm     .   (no cloak)
rCorr   .          Rampage  .   (no gloves)
Will    .....                   (no boots)
Stlth   +.........              (no amulet)
HPRegen 0.08/turn               (no ring)
MPRegen 0.11/turn               (no ring)

@: glowing
A: sense surroundings 1, otherworldly, glowing, explore regen
a: no special abilities


You were on level 2 of the Dungeon.
You visited 1 branch of the dungeon, and saw 2 of its levels.

Inventory:

Armour
 a - a +0 robe (worn)
Scrolls
 c - a scroll of immolation {unknown}


   Skills:
 + Level 0.2 Fighting
 + Level 2.6 Dodging
 + Level 1.5 Stealth
 + Level 3.0 Spellcasting
 + Level 4.7 Ice Magic


You had 7 spell levels left.
You knew the following spells:

 Your Spells              Type           Power      Damage    Failure   Level
a - Freeze                Ice            76%        1d9       2%          1

Your spell library contained the following spells:

 Spells                   Type           Power      Damage    Failure   Level
 Frozen Ramparts          Ice            38%        1d6       7%          3
 Ozocubu's Armour         Ice            19%        N/A       7%          3
 Hailstorm                Conj/Ice       11%        3d5       52%         4


Dungeon Overview and Level Annotations

Branches:
Dungeon (2/15) Zot: 722

Altars:


Innate Abilities, Weirdness & Mutations

You passively map a small area around you.
You are easily found by Zot.
You glow in the dark.
You regain HP and MP as you explore.


Message History

Press: ? - help, Shift-Dir - straight line, f - jackal
Aim: a jackal You freeze the jackal.
The jackal is heavily wounded.
The jackal bites you. x2
The endoplasm freezes you.
You are frozen.
Magic courses through your body. The jackal bites you.
The endoplasm closely misses you.
Casting: Freeze (safe; 2% risk of failure)
Confirm with . or Enter, or press ? or * to list all spells.
Aiming: Freeze (safe; 2% risk of failure)
Press: ? - help, Shift-Dir - straight line, f/p - jackal
Aim: a jackal (heavily wounded)
You freeze the jackal.
You kill the jackal!
The endoplasm freezes you.
You are frozen.
* * * LOW HITPOINT WARNING * * *
Your magical contamination has completely faded away.
You have reached level 3!
Your experience leads to an increase in your attributes!
Increase (S)trength, (I)ntelligence, or (D)exterity?
You feel clever. x2; You feel agile. The endoplasm freezes you.
You are frozen.
* * * LOW HITPOINT WARNING * * *
You climb downwards.
There is a stone staircase leading up here.
The endoplasm hits you.
* * * LOW HITPOINT WARNING * * *
Casting: Freeze (safe; 2% risk of failure)
Confirm with . or Enter, or press ? or * to list all spells.
Aiming: Freeze (safe; 2% risk of failure)
Press: ? - help, Shift-Dir - straight line, f - endoplasm
Aim: an endoplasm You freeze the endoplasm.
The endoplasm is moderately wounded.
The endoplasm misses you. The worm bites you!
You die...

.#,... ###.#....,
#"....... *
#########........
##.......)........
,
#..####.######....
* , #.##....# ,,,
..# ###>.+..).+ ,
,.. #....#.J@.#,
,, . *,
#.....÷w#.# , , ,
###....####.#,, ,
#.........#.# *
#.........+.# ,, *
#.........###*,
#.........# , ,
#.........#
#.........+,


You could see a worm and an endoplasm.

Vanquished Creatures
  2 endoplasms (D:2)
  3 giant cockroaches (D:2)
  5 jackals
  2 goblins (D:2)
  2 rats
14 creatures vanquished.

Notes
Turn   | Place    | Note
-------+----------+-------------------------------------------
     0 | D:1      | hawla the Meteoran Ice Elementalist began the quest for the
                  | Orb.
     0 | D:1      | Reached XP level 1. HP: 14/14 MP: 5/5
     1 | D:1      | Found a runed translucent door.
   158 | D:2      | Reached XP level 2. HP: 17/20 MP: 4/6
   470 | D:1      | Reached XP level 3. HP: 8/26 MP: 6/8
   473 | D:2      | Mangled by a worm

Illustrated notes

Levels and vault maps discovered:
D:1:      dpeg_arrival_caged_fury, layout_basic
D:2:      layout_basic

Skill      XL: |  1  2 |
---------------+-------+-----
Spellcasting   | 3 |  3.0
Fighting       | |  0.2
Dodging        | |  2.6
Stealth        | |  1.5
Ice Magic      | |  4.7

Action                   || total
-------------------------++-------
 Cast: Freeze            ||    21
  Use: Potion            ||     1
Armor: Robe              ||     3
Dodge: Dodged            ||    22
